 Dungeon Crawl Stone Soup version 0.25-a0-766-g0ecfff5982 (webtiles) character file.

Game seed: 2382112662336135885, levelgen mode: classic

15210 Amnesiac the Nimble (level 11, -11/60 HPs)
             Began as a Spriggan Berserker on Apr 13, 2020.
             Was a High Priest of Trog.
             Hit by a large rock thrown by a cyclops (24 damage)
             ... on level 11 of the Dungeon.
             The game lasted 00:34:17 (11393 turns).

Amnesiac the Nimble (Spriggan Berserker)           Turns: 11393, Time: 00:34:18

Health: -11/60     AC:  6    Str: 21    XL:     11   Next: 98%
Magic:  6/6        EV: 26    Int: 10    God:    Trog [*****.]
Gold:   930        SH: 10    Dex: 12    Spells: 10/10 levels left

rFire    . . .     SeeInvis +   a - +9 rapier "Spiderbane" {antimagic, rElec Str+5 Dex-3}
rCold    . . .     Gourm    .   q - +3 buckler
rNeg     . . .     Faith    .   A - +0 steam dragon scales
rPois    +         Spirit   .   (helmet restricted)
rElec    +         Reflect  .   g - +0 cloak
rCorr    +         Harm     .   (gloves unavailable)
MR       +....                  (boots unavailable)
Stlth    ++++......             i - amulet of regeneration
HPRegen  0.60/turn              d - ring of resist corrosion
MPRegen  0.10/turn              f - ring of poison resistance

@: about to teleport, barbed spikes, very quick
A: very small, unfitting armour, see invisible, herbivore, speed 3, slow
metabolism 2
a: Berserk, Trog's Hand, Brothers in Arms, Renounce Religion


You were on level 11 of the Dungeon.
You worshipped Trog.
Trog was extremely pleased with you.
You were very full.

You visited 3 branches of the dungeon, and saw 18 of its levels.
You also visited: Ossuary.

You collected 930 gold pieces.

Inventory:

Hand Weapons
 a - the +9 rapier "Spiderbane" (weapon) {antimagic, rElec Str+5 Dex-3}
   (You found it on level 10 of the Dungeon)

   It reduces the magical energy of the wielder, and disrupts the spells and
   magical abilities of those hit.
   Natural abilities and divine invocations are not affected.
   It affects your strength (+5).
   It affects your dexterity (-3).
   It insulates you from electricity.
 h - the +8 scimitar "Dogaut" {vorpal, rPois rN+ Str+4 Dex+2, unknown}
   (Trog gifted it to you on level 10 of the Dungeon)

   It inflicts extra damage upon your enemies.
   It affects your strength (+4).
   It affects your dexterity (+2).
   It protects you from poison.
   It protects you from negative energy.
 B - a +1 short sword
Missiles
 b - 5 throwing nets (quivered)
Armour
 e - a +1 robe of cold resistance
 g - a +0 cloak (worn)
 q - a +3 buckler (worn)
 A - +0 steam dragon scales (worn)
Jewellery
 d - a ring of resist corrosion (left hand)
 f - a ring of poison resistance (right hand)
 i - an amulet of regeneration (around neck)
 n - a +3 amulet of reflection
Wands
 w - a wand of polymorph (5)
 C - a wand of flame (13)
Scrolls
 c - 9 scrolls of remove curse {!r}
 j - a scroll of enchant weapon {!r}
 k - 3 scrolls of teleportation {!r}
 p - 3 scrolls of immolation {!r}
 s - 5 scrolls of magic mapping {!r}
 t - 3 scrolls of vulnerability {!r, unknown}
 y - 5 scrolls of enchant armour {!r}
 z - 2 scrolls of identify {!r}
 E - a scroll of torment {!r, unknown}
Potions
 l - 2 potions of lignification {!q}
 m - a potion of magic {!q}
 o - a potion of brilliance {!q, unknown}
 r - a potion of heal wounds {!q}
 u - 4 potions of curing {!q}
 v - a potion of flight {!q}
 x - a potion of haste {!q}
Comestibles
 D - a ration


   Skills:
 + Level 8.2 Fighting
 + Level 9.1 Short Blades
 + Level 13.6 Dodging
 - Level 8.0 Stealth
 - Level 7.2 Shields
 - Level 8.0 Evocations


You had 10 spell levels left.
You didn't know any spells.
Your spell library contained the following spells:

 Spells                   Type           Power        Failure   Level  Hunger
 Sandblast                Erth           #.....       36%         1    ##.....
 Sting                    Tmut/Pois      #...         36%         1    ##.....
 Passwall                 Tmut/Erth      #.......     50%         2    ###....
 Poisonous Vapours        Pois/Air       #.....       50%         2    ###....
 Confusing Touch          Hex            #.......     75%         3    ####...
 Gell's Gravitas          Tloc           #.........   75%         3    ####...
 Mephitic Cloud           Conj/Pois/Air  #.......     75%         3    ####...
 Stone Arrow              Conj/Erth      #.....       75%         3    ####...
 Olgreb's Toxic Radiance  Pois           #.......     98%         4    #####..
 Petrify                  Tmut/Erth      #.......     98%         4    #####..
 Bolt of Magma            Conj/Fire/Erth #.........   100%        5    ######.
 Iskenderun's Battlesphe  Conj/Chrm      #.......     100%        5    ######.
 Lee's Rapid Deconstruct  Erth           #.........   100%        5    ######.
 Metabolic Englaciation   Hex/Ice        #.........   100%        5    ######.
 Yara's Violent Unravell  Hex/Tmut       #.........   100%        5    ######.
 Iron Shot                Conj/Erth      #.........   100%        6    #######
 Orb of Destruction       Conj           #.........   100%        7    #######
 Spellforged Servitor     Conj/Summ      #.........   100%        7    #######


Dungeon Overview and Level Annotations

Branches:
Dungeon (11/15)            Temple (1/1) D:5            Lair (6/6) D:9
  Snake (0/4) Lair:2        Slime (0/5) Lair:5      Ossuary (visited)
  Swamp: Lair:2-4    Shoals: Lair:2-4       Orc: D:9-12

Altars:
Ashenzari
Cheibriados
Elyvilon
Fedhas
Gozag
Hepliaklqana
Kikubaaqudgha
Makhleb
Nemelex Xobeh
Qazlal
Sif Muna
Vehumet
Xom
Jiyva

Shops:
D:6 [   D:8 (

Annotations:
D:10 emiel's ghost, journeyman NaFi
Lair:5 exclusion: basilisk, Kirke, Nessos


Innate Abilities, Weirdness & Mutations

You are very small and have problems with some larger weapons.
You are too small for most types of armour.
You have supernaturally acute eyesight. (SInv)
You are a herbivore.
You cover ground extremely quickly.
You need to consume almost no food.


Message History

You kill the yak!
Trog accepts your kill.
You puncture the orc!
You kill the orc!
Trog accepts your kill.
You barely miss the yak. The yak gores you!
You hit the yak.
The yak is lightly wounded.
The yak gores you!
You puncture the yak!
The yak is heavily wounded.
You puncture the yak!
The yak is almost dead.
You block the yak's attack.
You barely miss the yak.
The yak is almost dead.
The yak gores you!
You puncture the yak!
You kill the yak!
Trog accepts your kill.
You swing at nothing.
You swing at nothing.
You swing at nothing.
You swing at nothing.
You swing at nothing.
You swing at nothing.
You start resting.
HP restored.
Items here: ) [ ††††
There is an open door here.
You now have 930 gold pieces (gained 14).
You open the door.
There is an open door here.
A manticore comes into view.
A manticore is nearby!
A cyclops comes into view.
Found 27 arrows.
Found a stone staircase leading down.
The cyclops shouts!
You swing at nothing.
The manticore flicks its tail.
The volley of spikes hits you!
The barbed spikes become lodged in your body.
You swing at nothing.
The manticore flicks its tail.
The volley of spikes hits you!
The barbed spikes become lodged in your body.
You swing at nothing.
You swing at nothing.
The manticore flicks its tail.
The volley of spikes hits you!
The barbed spikes become lodged in your body.
* * * LOW HITPOINT WARNING * * *
You swing at nothing.
The manticore flicks its tail.
The volley of spikes hits you!
The barbed spikes become lodged in your body.
* * * LOW HITPOINT WARNING * * *
Unknown command.
Really read
k - 4 scrolls of teleportation {!r}?
As you read the scroll of teleportation {!r}, it crumbles to dust.
You feel strangely unstable.
The cyclops throws a large rock.
The large rock hits you!!
You die...

.......# #.# #...... .......# #.#
#...... .†.....########.######
#......
.......+.............######......
.......########.####......#......
.......# #.# ######.'......
.......# #.## ###...... ###'####
#..# ######+ #...# ##@# #'######
#####.### .......# #....HC.#
.......# #........C(# .......#
#.......##... .......# #.......#
## .......+ #.......# .....(.#
.........# .......# ###.......#


You could see a manticore and a cyclops.

Vanquished Creatures
  Josephine (Lair:5)
  Harold (D:10)
  4 two-headed ogres
  A harpy (D:9)
  An ugly thing (D:11)
  A cyclops (D:11)
  Maggie (D:10)
  A queen bee (D:10)
  A hornet (D:8)
  A troll (D:9)
  A dream sheep (D:6)
  5 blink frogs (Lair:3)
  A hippogriff (Lair:2)
  Sigmund (D:3)
  2 wyverns
  8 yaks
  A hungry ghost (D:7)
  A warg (D:5)
  A water moccasin (Lair:5)
  5 porcupines
  4 orc warriors
  A black bear (D:10)
  3 slaves
  4 sky beasts
  3 ice beasts
  2 phantoms
  5 ogres
  5 wolves
  4 centaurs
  2 crocodiles
  2 bullfrogs
  A gnoll sergeant (D:6)
  A water moccasin zombie (D:7)
  3 scorpions
  23 killer bees
  4 wights (D:7)
  A howler monkey (D:7)
  9 crimson imps
  4 hounds
  2 orc wizards
  Crazy Yiuf (D:3)
  A centaur skeleton (D:10)
  6 orc priests
  2 bullfrog skeletons
  Terence (D:3)
  5 iguanas
  4 worker ants
  2 hound zombies
  A mummy (D:7)
  A howler monkey zombie (D:5)
  A worker ant zombie (D:7)
  7 adders
  4 gnolls (D:6)
  2 shadow imps
  2 oozes
  2 adder skeletons
  3 dart slugs
  3 worms
  3 leopard geckos
  23 orcs
  5 bats
  4 giant cockroaches
  8 goblins
  8 hobgoblins
  16 jackals
  13 kobolds
  8 quokkas
  5 ball pythons
  8 frilled lizards
  2 quokka skeletons (D:8)
  6 rats
279 creatures vanquished.

Vanquished Creatures (others)
  A fungus (Lair:5)
  2 plants
3 creatures vanquished.

Grand Total: 282 creatures vanquished

Notes
Turn   | Place    | Note
-------+----------+-------------------------------------------
     0 | D:1      | Amnesiac the Spriggan Berserker began the quest for the
                  | Orb.
     0 | D:1      | Reached XP level 1. HP: 11/11 MP: 2/2
    96 | D:1      | Reached XP level 2. HP: 8/16 MP: 3/3
   606 | D:1      | Reached XP level 3. HP: 14/19 MP: 4/4
   627 | D:1      | Reached ** piety under Trog
  1209 | D:2      | Reached skill level 5 in Short Blades
  1209 | D:2      | Reached skill level 1 in Stealth
  1477 | D:2      | Reached XP level 4. HP: 21/23 MP: 5/5
  2059 | D:3      | Reached skill level 5 in Dodging
  2264 | D:3      | Noticed Terence
  2301 | D:3      | Killed Terence
  2301 | D:3      | Reached XP level 5. HP: 3/27 MP: 6/6
  2661 | D:3      | Noticed Sigmund
  2755 | D:3      | Killed Sigmund
  2755 | D:3      | Reached skill level 1 in Shields
  2755 | D:3      | Reached XP level 6. HP: 26/32 MP: 7/7
  3180 | D:3      | Found a runed translucent door.
  3181 | D:3      | Noticed Crazy Yiuf
  3253 | D:3      | Killed Crazy Yiuf
  3391 | D:4      | Reached *** piety under Trog
  3659 | D:4      | Found a shimmering blue altar of Sif Muna.
  3752 | D:4      | Found a blossoming altar of Fedhas.
  3798 | D:5      | Entered Level 5 of the Dungeon
  3821 | D:5      | Reached XP level 7. HP: 35/35 MP: 8/8
  4141 | D:5      | Found a burning altar of Makhleb.
  4243 | D:5      | Found a staircase to the Ecumenical Temple.
  4307 | D:6      | Found Refuguse's Antique Armour Shop.
  4386 | D:8      | Reached skill level 6 in Dodging
  4453 | D:7      | Noticed a hungry ghost
  4517 | D:6      | Noticed Pikel
  4696 | D:7      | Found a snail-covered altar of Cheibriados.
  4844 | D:7      | Found a sand-covered staircase.
  4854 | Ossuary  | Entered an ossuary
  5014 | D:6      | You fall into a shaft and drop 2 floors!
  5079 | D:9      | Reached XP level 8. HP: 35/40 MP: 9/9
  5149 | D:9      | Found the +18 shield of the Gong {rElec rN+ MR+ EV-5}
  5195 | D:9      | Noticed a two-headed ogre
  5208 | D:9      | Killed a two-headed ogre
  5208 | D:9      | Reached skill level 7 in Dodging
  5272 | D:9      | Found a staircase to the Lair.
  5286 | Lair:1   | Entered Level 1 of the Lair of Beasts
  5375 | Lair:1   | Reached skill level 8 in Dodging
  5381 | Lair:1   | Reached XP level 9. HP: 41/46 MP: 10/10
  5401 | Lair:1   | Noticed a six-headed hydra
  5555 | Lair:2   | HP: 1/46 [porcupine's spines (11)]
  5692 | Lair:2   | Reached **** piety under Trog
  5692 | Lair:2   | Reached skill level 9 in Dodging
  5740 | Lair:2   | Noticed a five-headed hydra
  5757 | Lair:2   | Identified the Papyrus of Intoxication
  5792 | Lair:2   | Found a staircase to the Snake Pit.
  5792 | Lair:2   | Noticed a spiny frog
  5800 | Lair:3   | Reached skill level 5 in Fighting
  5802 | Lair:3   | Reached skill level 5 in Shields
  5807 | Lair:3   | Reached skill level 10 in Dodging
  5827 | Lair:3   | Noticed a komodo dragon
  5850 | Lair:4   | Noticed a torpor snail
  5871 | Lair:4   | Noticed a komodo dragon
  5875 | Lair:5   | Noticed a spiny frog
  5889 | Lair:5   | Found a staircase to the Slime Pits.
  5890 | Lair:5   | Found a viscous altar of Jiyva.
  5936 | Lair:5   | Reached skill level 1 in Evocations
  5936 | Lair:5   | Reached XP level 10. HP: 7/53 MP: 11/11
  6033 | Lair:5   | Noticed Nessos
  6033 | Lair:5   | Noticed a spiny frog
  6070 | Lair:5   | Noticed an elephant
  6070 | Lair:5   | Noticed an elephant
  6071 | Lair:5   | Noticed an elephant
  6087 | Lair:5   | Noticed an elephant
  6089 | Lair:5   | Noticed an elephant
  6091 | Lair:5   | Noticed Kirke
  6091 | Lair:5   | Noticed an elephant
  6098 | Lair:5   | Noticed a harpy
  6119 | Lair:6   | Entered Level 6 of the Lair of Beasts
  6122 | Lair:6   | Noticed a spiny frog
  6247 | Lair:5   | Noticed Josephine
  6261 | Lair:5   | Killed Josephine
  6357 | Lair:2   | Noticed a black mamba
  6374 | D:9      | Noticed a harpy
  6374 | D:9      | a rime drake changed into a harpy
  6411 | D:9      | Killed a harpy
  6411 | D:9      | Reached skill level 11 in Dodging
  6936 | D:7      | Found a stormy altar of Qazlal.
  7382 | D:5      | Found a radiant altar of Vehumet.
  7382 | D:5      | Found a hazy altar of Hepliaklqana.
  7393 | D:5      | Found an opulent altar of Gozag.
  7497 | Temple   | Entered the Ecumenical Temple
  7662 | D:6      | Noticed Pikel
  7662 | D:6      | Pikel changed into Pikel the dream sheep
  7679 | D:6      | Killed Pikel the dream sheep
  7934 | D:6      | Reached skill level 5 in Evocations
  8504 | D:7      | Reached ***** piety under Trog
  8504 | D:7      | Received a gift from Trog
  8634 | D:8      | Noticed Grum
  8634 | D:8      | Noticed a two-headed ogre
  8762 | D:8      | Found a sparkling altar of Nemelex Xobeh.
  8814 | D:8      | Found Onocw's Weapon Shoppe.
  8891 | D:8      | Reached skill level 12 in Dodging
  8903 | D:8      | Reached XP level 11. HP: 58/58 MP: 16/16
  9047 | D:7      | HP: 4/87 [two-headed ogre/+0 giant club (7)]
  9048 | D:7      | Killed a two-headed ogre
  9298 | D:8      | Noticed Grum
  9298 | D:8      | Grum changed into Grum the wolf
  9357 | D:7      | Killed Grum the wolf
 10062 | D:10     | Entered Level 10 of the Dungeon
 10063 | D:10     | Noticed a two-headed ogre
 10132 | D:9      | Killed a two-headed ogre
 10218 | D:10     | Noticed Maggie
 10242 | D:10     | Killed Maggie
 10327 | D:10     | Got an ancient rapier
 10328 | D:10     | Identified the +9 rapier "Spiderbane" {antimagic, rElec
                  | Str+5 Dex-3} (You found it on level 10 of the Dungeon)
 10573 | D:10     | Received a gift from Trog
 10574 | D:10     | Got a brightly glowing scimitar {god gift}
 10663 | D:10     | Noticed Harold
 10680 | D:10     | Killed Harold
 10680 | D:10     | Reached skill level 13 in Dodging
 10912 | D:10     | Found a runed translucent door.
 10912 | D:10     | Noticed emiel's ghost (journeyman NaFi)
 11146 | D:11     | Noticed a two-headed ogre
 11153 | D:11     | Killed a two-headed ogre
 11164 | D:11     | Noticed a green ugly thing
 11186 | D:11     | Killed a green ugly thing
 11393 | D:11     | Hit by a large rock thrown by a cyclops

Levels and vault maps discovered:
D:1:      tarquinn_simple_flora_water_f, layout_basic, minmay_cupped
D:2:      layout_loops_corners
D:3:      layout_loops_corners, first_ration, uniq_sigmund, uniq_terence,
          uniq_crazy_yiuf_cottage
D:4:      layout_basic, lemuel_round_altar, lemuel_blue_sif_altar
D:5:      layout_loops_ring, makhleb_grotto_becter, kennysheep_little_box,
          gammafunk_temple_overflow_elements, minmay_temple_entry_mini_moons
D:6:      layout_basic, serial_shops, nicolae_shop_stone, uniq_pikel
D:7:      layout_rooms, marbit_many_paths, slow_altar_1,
          chequers_ossuary_entry_cave
D:8:      layout_cave_pools, nemelex_xobeh_ov_fountains_minmay, serial_shops,
          nicolae_shop_behind_doors, kennysheep_potato, uniq_grum
D:9:      layout_roguey, lair_entry_dummy
D:10:     layout_basic, ebering_ghost_reflecting_pool, david_nohive_1,
          uniq_harold, uniq_maggie
D:11:     layout_roguey, nrook_mini_backslash
Temple:   zaba_magenta_temple
Lair:1:   layout_cave_pods, grunt_megastairs_1
Lair:2:   layout_chaotic_city, dummy_snake_entry, st_stairs_5,
          infiniplex_staircase_pool_2, lemuel_fruit_fields, grunt_megastairs_2
Lair:3:   layout_loops_ring, lemuel_fruit_tree, grunt_megastairs_3
Lair:4:   layout_regular_city, nicolae_swamp_entry_splash_gauntlet,
          grunt_megastairs_5, minmay_lair_oklob_chamber
Lair:5:   layout_cave_pods, slime_altar_1, uniq_josephine, uniq_nessos,
          uniq_kirke
Lair:6:   gammafunk_lair_ancient_temple, layout_regular_city,
          infiniplex_staircase_pool

Skill      XL: |  1  2  3  4  5  6  7  8  9 10 11 |
---------------+----------------------------------+-----
Short Blades   | 4 5 6 7 8 9 |  9.1
Stealth        | 1 2 4 7 8 |  8.0
Dodging        | 5 6 8 10 12 13 | 13.6
Shields        | 1 2 3 4 5 6 7 |  7.2
Fighting       | 3 4 5 6 8 |  8.2
Evocations     | 1 5 8 |  8.0

Action                   |  1- 3 |  4- 6 |  7- 9 | 10-12 || total
-------------------------+-------+-------+-------+-------++-------
Melee: Short sword       |   171 |   222 |   348 |   705 ||  1446
       Rapier            |       |       |       |   250 ||   250
Throw: Dart              |       |       |       |    90 ||    90
Invok: Berserk           |     1 |     6 |     2 |     5 ||    14
       Trog's Hand       |       |       |       |     2 ||     2
       Brothers in Arms  |       |       |       |     1 ||     1
Evoke: Wand              |       |       |     1 |    16 ||    17
  Use: Scroll            |       |     9 |     5 |     7 ||    21
       Potion            |       |     3 |     4 |     3 ||    10
 Stab: Sleeping          |       |     5 |    12 |    19 ||    36
       Distracted        |       |       |       |     3 ||     3
  Eat: Ration            |     1 |     3 |     4 |     9 ||    17
Armor: Animal skin       |    12 |       |       |       ||    12
       Skin              |       |     9 |    35 |     8 ||    52
       Robe              |       |     8 |    15 |    18 ||    41
       Steam dragon scal |       |       |       |     7 ||     7
Dodge: Dodged            |   120 |   129 |   163 |   493 ||   905
Block: Buckler           |       |    33 |   146 |   354 ||   533

Table legend:
 A = Non-vault XP
 B = Vault XP
 C = Vault XP percentage of total XP
 D = Non-vault monster count
 E = Vault monster count
 F = Vault count percentage of total count
                 A         B        C        D         E       F
            +---------+---------+-------+---------+---------+-------
      Total |   15736 |    5993 |  27.6 |     234 |      41 |  14.9
            +---------+---------+-------+---------+---------+-------
        D:1 |      44 |       9 |  17.0 |      22 |       5 |  18.5
        D:2 |      63 |       0 |   0.0 |      30 |       0 |   0.0
        D:3 |     108 |     317 |  74.6 |      19 |       3 |  13.6
        D:4 |      63 |       0 |   0.0 |       8 |       0 |   0.0
        D:5 |     531 |      50 |   8.6 |      16 |       1 |   5.9
        D:6 |     620 |     268 |  30.2 |      17 |       1 |   5.6
        D:7 |    2393 |     393 |  14.1 |      31 |       6 |  16.2
        D:8 |    1039 |     595 |  36.4 |      16 |       4 |  20.0
        D:9 |    3182 |       0 |   0.0 |      13 |       0 |   0.0
       D:10 |    1789 |    2529 |  58.6 |      25 |      16 |  39.0
       D:11 |    3534 |       0 |   0.0 |      24 |       0 |   0.0
     Lair:1 |      95 |     347 |  78.5 |       1 |       2 |  66.7
     Lair:2 |     675 |     399 |  37.2 |       5 |       2 |  28.6
     Lair:3 |    1316 |       0 |   0.0 |       5 |       0 |   0.0
     Lair:5 |     284 |    1086 |  79.3 |       2 |       1 |  33.3
            +---------+---------+-------+---------+---------+-------
